 Dungeon Crawl Stone Soup version 0.29.0-4-gdea44cf6ec (webtiles) character file.

Game seed: 4995645393922559326

5191 qw the Grappler (level 10, 0/92 HPs)
             Began as a Troll Cinder Acolyte on Aug 31, 2022.
             Was a Priest of Ignis.
             Slain by a hornet (3 damage)
             ... on level 9 of the Dungeon.
             The game lasted 00:03:41 (7104 turns).

qw the Grappler (Troll Cinder Acolyte)              Turns: 7104, Time: 00:03:41

Health: 0/92       AC: 15    Str: 34    XL:     10   Next: 34%
Magic:  10/10      EV:  9    Int: 10    God:    Ignis [***...]
Gold:   83         SH: 11    Dex: 11    Spells: 11/11 levels left

rFire   + . .      SeeInvis +     - Unarmed
rCold   . . .      Faith    .   g - +2 kite shield
rNeg    . . .      Spirit   .   n - +3 robe "Notoes" {SInv}
rPois   .          Reflect  .   (helmet restricted)
rElec   .          Harm     .   c - +0 cloak
rCorr   .          Rampage  .   (gloves unavailable)
Will    .....                   (boots unavailable)
Stlth   +.........              (no amulet)
HPRegen 1.05/turn               i - +6 ring of strength
MPRegen 0.12/turn               f - +6 ring of dexterity

@: lethally poisoned (0 -> -7), about to teleport, fiery-armoured, slowed, very
slow
A: large, unfitting armour, claws 3, regeneration 1, shaggy fur 1, tough skin 1
a: Renounce Religion, Fiery Armour, Foxfire Swarm, Rising Flame


You were on level 9 of the Dungeon.
You worshipped Ignis.
Ignis was most pleased with you.
You visited 1 branch of the dungeon, and saw 9 of its levels.

You collected 551 gold pieces.
You spent 468 gold pieces at shops.


Innate Abilities, Weirdness & Mutations

You are too large for most types of armour.
You have claws for hands.
Your natural rate of healing is unusually fast.
You are covered in fur. (AC +1)
You have tough skin. (AC +1)


   Skills:
 - Level 4.0 Fighting
 - Level 2.7 Throwing
 - Level 2.0 Dodging
 + Level 8.2 Shields
 - Level 11.4 Unarmed Combat
 - Level 1.0 Spellcasting
 - Level 2.1 Fire Magic


You had 11 spell levels left.
You didn't know any spells.
Your spell library contained the following spells:

 Spells                   Type           Power      Damage    Failure   Level
 Scorch                   Fire           8%         2d5       38%         2

Inventory:

Missiles
 d - 4 boomerangs (quivered)
Armour
 c - a +0 cloak (worn)
 g - a +2 kite shield (worn)
 n - the +3 robe "Notoes" (worn) {SInv}
   (You found it on level 4 of the Dungeon)

   SInv:      It lets you see invisible.
Jewellery
 f - a +6 ring of dexterity (right claw)
 i - a +6 ring of strength (left claw)
Scrolls
 e - 3 scrolls of identify
 o - 4 scrolls of teleportation
Potions
 b - a potion of cancellation
 h - 2 potions of curing
 m - 4 potions of haste

Dungeon Overview and Level Annotations

Branches:
Dungeon (9/15)             Temple (0/1) D:7
   Lair: D:8-11         Orc: D:9-12

Altars:

Shops:
D:1 *   D:8 =


Message History

You scratch the orc priest but do no damage.
You block the orc priest's attack.
You closely miss the orc priest. The orc priest barely misses you.
You scratch the orc priest but do no damage.
The orc priest hits you but does no damage.
You scratch the orc priest.
The orc priest is lightly wounded.
The orc priest invokes the aid of Beogh against you.
Beogh smites you!
You mangle the orc priest!!
You kill the orc priest!
You block the hornet's attack.
You mangle the yak!!
The yak is heavily wounded.
You block the hornet's attack. The yak gores you!
7102 ||| INVOKING Fiery Armour.
A protective cloak of flame settles atop you.
The hornet barely misses you. The hornet stings you.
You are poisoned.
You feel yourself slow down. You block the yak's attack.
You scratch the yak.
The yak is severely wounded.
You feel very sick. The hornet stings you!
You are more poisoned.
You feel as though you will be slow longer.
The hornet stings you!
You feel as though you will be slow longer.
The hornet is burned by your cloak of flames.
The hornet is lightly wounded.
The yak gores you!
The yak is burned by your cloak of flames.
The yak is almost dead.
7104 ||| READING 5 scrolls of teleportation.
As you read the scroll of teleportation, it crumbles to dust.
You feel strangely unstable.
You feel extremely sick. The hornet stings you.
You die...

..# #.# #.# #.# #
#.######### ### + #.
#...##....# #.# o..#.
#y..##....# #.#
......#@..##....# #.#
......Y)..##....# #.#
.....#....##....###.#
...# ##.............#
+##.................#
#.........>.......#
#.............###.#
.#............# #.#
...##.........# #.#


You could see a yak and a hornet.

Vanquished Creatures
  A manticore (D:8)
  2 hornets
  A wyvern (D:9)
  Sigmund (D:5)
  Eustachio (D:5)
  6 yaks (D:8)
  2 steam dragons
  An acid dragon (D:8)
  3 orc warriors
  2 ice beasts
  A sky beast (D:7)
  A black bear (D:4)
  4 ogres
  A centaur (D:6)
  2 phantoms
  A kobold brigand (D:6)
  2 bullfrogs
  2 gnoll sergeants
  A scorpion (D:6)
  2 necrophages (D:7)
  5 wights (D:7)
  A howler monkey (D:5)
  2 jellies (D:6)
  An orc priest (D:9)
  4 hounds
  2 gnoll boudas
  2 iguanas
  5 orc wizards
  14 gnolls
  7 adders
  3 white imps
  An ufetubus (D:6)
  A worm (D:3)
  2 dart slugs
  27 orcs
  9 ball pythons
  A bat (D:2)
  10 endoplasms
  2 giant cockroaches
  10 goblins
  5 hobgoblins
  3 jackals
  5 quokkas
  12 kobolds
  6 rats
177 creatures vanquished.

Vanquished Creatures (others)
  A gnoll (D:8)
  5 fungi (D:4)
6 creatures vanquished.

Grand Total: 183 creatures vanquished

Notes
Turn   | Place    | Note
-------+----------+-------------------------------------------
     0 | D:1      | qw the Troll Cinder Acolyte began the quest for the Orb.
     0 | D:1      | Reached XP level 1. HP: 22/22 MP: 1/1
     0 | D:1      | 0 ||| qw: Version: 0.1-a-97-g2dd2ca4
     0 | D:1      | 0 ||| qw: Game counter: 4638
     0 | D:1      | 0 ||| qw: Always use a shield: true
     0 | D:1      | 0 ||| qw: God list: Okawaru
     0 | D:1      | 0 ||| qw: Allow faded altars: false
     0 | D:1      | 0 ||| qw: Do Orc after D:15 true
     0 | D:1      | 0 ||| qw: Do second Lair branch before Depths: true
     0 | D:1      | 0 ||| qw: Lair rune preference: random
     0 | D:1      | 0 ||| qw: Plans: Normal
     0 | D:1      | 0 ||| PLANNING D:1-11
    30 | D:1      | Found Noecwex's General Store.
    41 | D:1      | 41 ||| SHOPLISTING potion of heal wounds (65 gold, have 0).
    41 | D:1      | 41 ||| SHOPLISTING scroll of identify (26 gold, have 0).
   174 | D:1      | Reached XP level 2. HP: 29/29 MP: 2/2
   186 | D:1      | 186 ||| Stepping ~*~*~tactically~*~*~ (outnumbered).
   187 | D:1      | 187 ||| Stepping ~*~*~tactically~*~*~ (outnumbered).
   189 | D:1      | 189 ||| Stepping ~*~*~tactically~*~*~ (stealth).
   221 | D:1      | Found a faded altar of an unknown god.
   493 | D:1      | 493 ||| Stepping ~*~*~tactically~*~*~ (stealth).
   498 | D:1      | 498 ||| Stepping ~*~*~tactically~*~*~ (stealth).
   501 | D:1      | Reached skill level 4 in Unarmed Combat
   567 | D:1      | Reached XP level 3. HP: 36/36 MP: 3/3
   640 | D:1      | 640 ||| Stepping ~*~*~tactically~*~*~ (hiding).
   818 | D:1      | 818 ||| DROPPING ring of flight.
   819 | D:1      | 819 ||| READING 3 scrolls labelled HUQIR NEDY.
   820 | D:1      | 820 ||| READING scroll labelled NEITIA ENIET.
   821 | D:1      | 821 ||| READING scroll labelled QETYOGE DEXZIU.
   822 | D:1      | 822 ||| READING 2 scrolls of identify.
   822 | D:1      | 822 ||| IDENTIFYING golden potion
   879 | D:2      | 879 ||| Stepping ~*~*~tactically~*~*~ (outnumbered).
   880 | D:2      | 880 ||| Stepping ~*~*~tactically~*~*~ (outnumbered).
   881 | D:2      | 881 ||| Stepping ~*~*~tactically~*~*~ (outnumbered).
  1451 | D:2      | 1451 ||| Stepping ~*~*~tactically~*~*~ (stealth).
  1634 | D:2      | 1634 ||| DROPPING orb of light.
  1635 | D:2      | 1635 ||| READING scroll labelled SIGEFE VEITU.
  1636 | D:2      | 1636 ||| READING scroll labelled REDGHE HONAUROQ.
  1641 | D:2      | 1641 ||| DRINKING 2 murky dark potions.
  1810 | D:3      | Reached skill level 1 in Throwing
  1810 | D:3      | Reached XP level 4. HP: 44/44 MP: 4/4
  1918 | D:3      | Reached skill level 5 in Unarmed Combat
  1957 | D:3      | Noticed an ogre
  1964 | D:3      | HP: 4/44 [ogre/+0 giant club (25)]
  1965 | D:3      | 1965 ||| INVOKING Fiery Armour.
  1966 | D:3      | Killed an ogre
  1967 | D:3      | Reached XP level 5. HP: 7/50 MP: 5/5
  2083 | D:3      | You fall into a shaft and drop 1 floor!
  2135 | D:4      | Identified the +3 robe "Notoes" {SInv}
  2212 | D:4      | Noticed a black bear
  2217 | D:4      | 2217 ||| Stepping ~*~*~tactically~*~*~ (outnumbered).
  2221 | D:4      | 2221 ||| INVOKING Fiery Armour.
  2221 | D:4      | HP: 9/50 [black bear (7)]
  2222 | D:4      | 2222 ||| READING 2 scrolls of teleportation.
  2222 | D:4      | Killed a black bear
  2223 | D:4      | Reached skill level 6 in Unarmed Combat
  2223 | D:4      | Reached XP level 6. HP: 10/59 MP: 6/6
  2226 | D:4      | HP: 9/59 [poisoned by a kobold]
  2227 | D:4      | 2227 ||| FLEEEEING.
  2228 | D:4      | 2228 ||| STAIRDANCE
  2420 | D:3      | 2420 ||| Stepping ~*~*~tactically~*~*~ (stealth).
  2421 | D:3      | 2421 ||| Stepping ~*~*~tactically~*~*~ (stealth).
  2423 | D:3      | 2423 ||| Stepping ~*~*~tactically~*~*~ (hiding).
  2424 | D:3      | 2424 ||| Stepping ~*~*~tactically~*~*~ (hiding).
  2560 | D:3      | 2560 ||| UPGRADING to +0 cloak.
  2565 | D:3      | 2565 ||| UPGRADING to +3 robe "Notoes" {SInv}.
  2575 | D:3      | 2575 ||| DROPPING +0 robe.
  2576 | D:3      | 2576 ||| READING scroll labelled YTUSESINUL.
  2577 | D:3      | 2577 ||| READING scroll labelled JOGIS TEULLYU.
  2578 | D:3      | 2578 ||| READING scroll labelled YDAMIN KETTUC.
  2579 | D:3      | 2579 ||| DRINKING 2 murky coppery potions.
  2580 | D:3      | 2580 ||| DRINKING 2 coppery potions.
  2581 | D:3      | 2581 ||| DROPPING potion of invisibility.
  2685 | D:4      | 2685 ||| Stepping ~*~*~tactically~*~*~ (stealth).
  2771 | D:4      | 2771 ||| FLEEEEING.
  2772 | D:4      | 2772 ||| FLEEEEING.
  2773 | D:4      | 2773 ||| FLEEEEING.
  2775 | D:4      | 2775 ||| FLEEEEING.
  2776 | D:4      | 2776 ||| FLEEEEING.
  3144 | D:4      | 3144 ||| READING 3 scrolls of identify.
  3144 | D:4      | 3144 ||| IDENTIFYING inky potion
  3145 | D:4      | 3145 ||| READING 2 scrolls of identify.
  3145 | D:4      | 3145 ||| IDENTIFYING silvery potion
  3146 | D:4      | 3146 ||| DROPPING potion of flight.
  3181 | D:5      | Entered Level 5 of the Dungeon
  3186 | D:5      | Reached skill level 7 in Unarmed Combat
  3191 | D:5      | 3191 ||| Stepping ~*~*~tactically~*~*~ (hiding).
  3196 | D:5      | Noticed Sigmund
  3197 | D:5      | 3197 ||| INVOKING Fiery Armour.
  3198 | D:5      | 3198 ||| Stepping ~*~*~tactically~*~*~ (outnumbered).
  3202 | D:5      | 3202 ||| DRINKING 2 potions of curing.
  3202 | D:5      | 3202 ||| (to cure confusion)
  3214 | D:5      | Killed Sigmund
  3215 | D:5      | Reached skill level 8 in Unarmed Combat
  3215 | D:5      | Reached XP level 7. HP: 50/66 MP: 7/7
  3215 | D:5      | 3215 ||| FLEEEEING.
  3217 | D:5      | 3217 ||| FLEEEEING.
  3218 | D:5      | 3218 ||| FLEEEEING.
  3219 | D:5      | 3219 ||| STAIRDANCE
  3230 | D:4      | 3230 ||| READING 2 scrolls of identify.
  3230 | D:4      | 3230 ||| IDENTIFYING sedimented blue potion
  3231 | D:4      | 3231 ||| DROPPING potion of brilliance.
  3234 | D:5      | 3234 ||| STAIRDANCE
  3289 | D:5      | Reached skill level 3 in Fighting
  3304 | D:5      | 3304 ||| Stepping ~*~*~tactically~*~*~ (stealth).
  3305 | D:5      | 3305 ||| Stepping ~*~*~tactically~*~*~ (stealth).
  3309 | D:5      | 3309 ||| Stepping ~*~*~tactically~*~*~ (stealth).
  3314 | D:5      | 3314 ||| Stepping ~*~*~tactically~*~*~ (outnumbered).
  3315 | D:5      | 3315 ||| Stepping ~*~*~tactically~*~*~ (outnumbered).
  3719 | D:5      | Noticed Eustachio
  3726 | D:5      | Killed Eustachio
  3727 | D:5      | Reached skill level 9 in Unarmed Combat
  3792 | D:5      | 3792 ||| READING 2 scrolls of identify.
  3792 | D:5      | 3792 ||| IDENTIFYING fizzy brown potion
  3793 | D:5      | 3793 ||| DROPPING potion of ambrosia.
  3827 | D:6      | 3827 ||| Stepping ~*~*~tactically~*~*~ (outnumbered).
  3834 | D:6      | Reached skill level 1 in Dodging
  3834 | D:6      | Reached XP level 8. HP: 54/75 MP: 8/8
  3905 | D:6      | 3905 ||| Stepping ~*~*~tactically~*~*~ (hiding).
  3906 | D:6      | 3906 ||| Stepping ~*~*~tactically~*~*~ (hiding).
  4028 | D:6      | 4028 ||| Stepping ~*~*~tactically~*~*~ (stealth).
  4113 | D:6      | Reached skill level 10 in Unarmed Combat
  4183 | D:6      | 4183 ||| Stepping ~*~*~tactically~*~*~ (hiding).
  4192 | D:6      | 4192 ||| INVOKING Fiery Armour.
  4197 | D:6      | HP: 18/75 [scorpion (1)]
  4198 | D:6      | 4198 ||| READING 2 scrolls of teleportation.
  4199 | D:6      | 4199 ||| DRINKING 2 potions of heal wounds.
  4359 | D:6      | 4359 ||| Stepping ~*~*~tactically~*~*~ (outnumbered).
  4360 | D:6      | 4360 ||| Stepping ~*~*~tactically~*~*~ (outnumbered).
  4362 | D:6      | 4362 ||| INVOKING Fiery Armour.
  4363 | D:6      | 4363 ||| Stepping ~*~*~tactically~*~*~ (outnumbered).
  4366 | D:6      | 4366 ||| Stepping ~*~*~tactically~*~*~ (outnumbered).
  4367 | D:6      | 4367 ||| Stepping ~*~*~tactically~*~*~ (outnumbered).
  4368 | D:6      | 4368 ||| Stepping ~*~*~tactically~*~*~ (outnumbered).
  4369 | D:6      | 4369 ||| Stepping ~*~*~tactically~*~*~ (outnumbered).
  4370 | D:6      | 4370 ||| Stepping ~*~*~tactically~*~*~ (outnumbered).
  4370 | D:6      | HP: 18/78 [ogre/+0 giant spiked club (22)]
  4371 | D:6      | 4371 ||| READING 2 scrolls of teleportation.
  4372 | D:6      | 4372 ||| DRINKING potion of heal wounds.
  4373 | D:6      | 4373 ||| Stepping ~*~*~tactically~*~*~ (outnumbered).
  4425 | D:6      | 4425 ||| Stepping ~*~*~tactically~*~*~ (stealth).
  4427 | D:6      | 4427 ||| Stepping ~*~*~tactically~*~*~ (stealth).
  4441 | D:6      | 4441 ||| Stepping ~*~*~tactically~*~*~ (stealth).
  4442 | D:6      | 4442 ||| Stepping ~*~*~tactically~*~*~ (stealth).
  4443 | D:6      | 4443 ||| Stepping ~*~*~tactically~*~*~ (stealth).
  4445 | D:6      | Reached skill level 11 in Unarmed Combat
  4445 | D:6      | Reached XP level 9. HP: 84/84 MP: 9/9
  4671 | D:6      | 4671 ||| UPGRADING to +2 kite shield.
  4676 | D:6      | 4676 ||| UPGRADING to +6 ring of strength.
  4677 | D:6      | 4677 ||| READING 2 scrolls labelled BUOSOE UKKEOPH.
  4678 | D:6      | 4678 ||| READING 4 scrolls of identify.
  4678 | D:6      | 4678 ||| IDENTIFYING sedimented emerald potion
  4679 | D:6      | 4679 ||| DROPPING potion of lignification.
  4680 | D:6      | 4680 ||| DROPPING scroll of magic mapping.
  4715 | D:7      | Reached skill level 1 in Shields
  4853 | D:7      | 4853 ||| Stepping ~*~*~tactically~*~*~ (hiding).
  4860 | D:7      | 4860 ||| Stepping ~*~*~tactically~*~*~ (outnumbered).
  4879 | D:7      | 4879 ||| Stepping ~*~*~tactically~*~*~ (stealth).
  4883 | D:7      | 4883 ||| Stepping ~*~*~tactically~*~*~ (hiding).
  4886 | D:7      | 4886 ||| Stepping ~*~*~tactically~*~*~ (outnumbered).
  4888 | D:7      | Reached skill level 3 in Shields
  4919 | D:7      | 4919 ||| Stepping ~*~*~tactically~*~*~ (outnumbered).
  4931 | D:7      | 4931 ||| Stepping ~*~*~tactically~*~*~ (stealth).
  4936 | D:7      | 4936 ||| Stepping ~*~*~tactically~*~*~ (stealth).
  4940 | D:7      | 4940 ||| Stepping ~*~*~tactically~*~*~ (stealth).
  4945 | D:7      | 4945 ||| Stepping ~*~*~tactically~*~*~ (hiding).
  5380 | D:7      | Found a staircase to the Ecumenical Temple.
  5461 | D:7      | 5461 ||| DROPPING ring of wizardry.
  5462 | D:7      | 5462 ||| READING 2 scrolls labelled JIDORCH JUGYUXT.
  5463 | D:7      | 5463 ||| DROPPING scroll of poison.
  5464 | D:7      | 5464 ||| READING 6 scrolls of teleportation.
  5554 | D:8      | Noticed a manticore
  5561 | D:8      | Killed a manticore
  5722 | D:8      | Reached skill level 6 in Shields
  5830 | D:8      | 5830 ||| Stepping ~*~*~tactically~*~*~ (outnumbered).
  5831 | D:8      | 5831 ||| Stepping ~*~*~tactically~*~*~ (outnumbered).
  5832 | D:8      | 5832 ||| Stepping ~*~*~tactically~*~*~ (outnumbered).
  5833 | D:8      | 5833 ||| Stepping ~*~*~tactically~*~*~ (outnumbered).
  5834 | D:8      | 5834 ||| Stepping ~*~*~tactically~*~*~ (outnumbered).
  5835 | D:8      | 5835 ||| Stepping ~*~*~tactically~*~*~ (outnumbered).
  5836 | D:8      | 5836 ||| Stepping ~*~*~tactically~*~*~ (outnumbered).
  5838 | D:8      | 5838 ||| Stepping ~*~*~tactically~*~*~ (outnumbered).
  5841 | D:8      | Reached XP level 10. HP: 92/92 MP: 10/10
  5843 | D:8      | 5843 ||| Stepping ~*~*~tactically~*~*~ (outnumbered).
  5844 | D:8      | 5844 ||| Stepping ~*~*~tactically~*~*~ (outnumbered).
  5903 | D:8      | Found Suruymaa's Jewellery Shoppe.
  5908 | D:8      | 5908 ||| BUYING +6 ring of dexterity (468 gold).
  5908 | D:8      | Bought a +6 ring of dexterity for 468 gold pieces
  5908 | D:8      | 5908 ||| SHOPLISTING amulet "Tuyk" {Reflect Fly Int+3 SH+5}
                  | (590 gold, have 62).
  5908 | D:8      | 5908 ||| SHOPLISTING amulet of Epoaf {Faith rF+ Str+4} (811
                  | gold, have 62).
  5908 | D:8      | 5908 ||| SHOPLISTING amulet of Moral Flaws {Acrobat rN+
                  | Dex+4} (644 gold, have 62).
  5908 | D:8      | 5908 ||| SHOPLISTING amulet of the Four Winds {rN+ Will+++
                  | Clar} (789 gold, have 62).
  5908 | D:8      | 5908 ||| SHOPLISTING ring of Yendor {rElec rF+ Int-2 Dex+6
                  | Stlth+} (722 gold, have 62).
  5930 | D:8      | Paralysed by a hornet for 2 turns
  6855 | D:8      | 6855 ||| UPGRADING to +6 ring of dexterity.
  6856 | D:8      | 6856 ||| READING scroll labelled HIXIT DOAGH.
  6857 | D:8      | 6857 ||| READING 4 scrolls of identify.
  6857 | D:8      | 6857 ||| IDENTIFYING glowing black potion
  6858 | D:8      | 6858 ||| DROPPING potion of attraction.
  6895 | D:9      | 6895 ||| STAIRDANCE
  6897 | D:8      | 6897 ||| DRINKING 3 potions of curing.
  6897 | D:8      | 6897 ||| (to cure confusion)
  6905 | D:9      | 6905 ||| STAIRDANCE
  6907 | D:8      | 6907 ||| Stepping ~*~*~tactically~*~*~ (outnumbered).
  6908 | D:8      | 6908 ||| Stepping ~*~*~tactically~*~*~ (outnumbered).
  6916 | D:9      | 6916 ||| STAIRDANCE
  6948 | D:9      | 6948 ||| Stepping ~*~*~tactically~*~*~ (hiding).
  7081 | D:9      | 7081 ||| Stepping ~*~*~tactically~*~*~ (stealth).
  7102 | D:9      | 7102 ||| INVOKING Fiery Armour.
  7103 | D:9      | HP: 16/92 [hornet (8)]
  7104 | D:9      | 7104 ||| READING 5 scrolls of teleportation.
  7104 | D:9      | HP: 3/92 [poisoned by a hornet]
  7104 | D:9      | Slain by a hornet

Levels and vault maps discovered:
D:1:      co_arrival_random_square_maze, layout_rooms, serial_shops,
          shop_fountains, shapermc_ecumenical_altar_mp_vishouse, minmay_unequal
D:2:      layout_basic
D:3:      layout_loops_ring, kennysheep_generic_room_5
D:4:      minmay_angry_zag, layout_rooms, serial_aquarium,
          aquarium_bridge_square [aquarium_subvault_bridge,
          aquarium_subvault_bridge, aquarium_subvault_wall,
          aquarium_subvault_wall], aquarium_bridge_square
          [aquarium_subvault_balcony, aquarium_subvault_wall,
          aquarium_subvault_bridge, aquarium_subvault_balcony],
          aquarium_window_1, aquarium_window_1, aquarium_window_corridor_2,
          aquarium_view_2a, aquarium_pool_split
D:5:      layout_cave_pools, uniq_sigmund, uniq_eustachio
D:6:      hangedman_cross_stitches, layout_rooms, kennysheep_another_room
D:7:      layout_loops_ring, minmay_temple_entry_slanted
D:8:      layout_layer_cave, serial_shops, shop, minmay_fountain_box,
          grunt_decor_resistance, nicolae_straight_to_the_point
D:9:      layout_small_grid, erik_lair_orcish_takeover,
          minmay_fractal_squares_diagonal_5

Skill      XL: |  1  2  3  4  5  6  7  8  9 10 |
---------------+-------------------------------+-----
Unarmed Combat | 4 5 6 8 9 11 | 11.4
Throwing       | 1 2 |  2.7
Fighting       | 3 4 |  4.0
Dodging        | 1 2 |  2.0
Shields        | 6 8 |  8.2
Spellcasting   | |  1.0
Fire Magic     | |  2.1

Action                   |  1- 3 |  4- 6 |  7- 9 | 10-12 || total
-------------------------+-------+-------+-------+-------++-------
Melee: Unarmed           |   119 |    86 |   237 |    56 ||   498
       Punch             |     2 |       |     6 |       ||     8
Throw: Javelin           |    14 |    20 |    26 |       ||    60
       Boomerang         |       |       |    51 |     9 ||    60
Invok: Fiery Armour      |       |     3 |     2 |     1 ||     6
  Use: Scroll            |     6 |     6 |     8 |     3 ||    23
       Potion            |     1 |     3 |     2 |     1 ||     7
Armor: Robe              |    33 |    39 |    70 |    10 ||   152
Dodge: Dodged            |    36 |    26 |    76 |    10 ||   148
Block: Kite shield       |       |       |    27 |    37 ||    64

Table legend:
 A = Non-vault XP
 B = Vault XP
 C = Vault XP percentage of total XP
 D = Non-vault monster count
 E = Vault monster count
 F = Vault count percentage of total count
                 A         B        C        D         E       F
            +---------+---------+-------+---------+---------+-------
      Total |    5395 |    2021 |  27.3 |     146 |      31 |  17.5
            +---------+---------+-------+---------+---------+-------
        D:1 |      36 |      11 |  23.4 |      20 |       5 |  20.0
        D:2 |      42 |       0 |   0.0 |      16 |       0 |   0.0
        D:3 |     168 |       5 |   2.9 |      13 |       2 |  13.3
        D:4 |     190 |      64 |  25.2 |      12 |       8 |  40.0
        D:5 |     491 |     411 |  45.6 |      22 |       2 |   8.3
        D:6 |     818 |    1132 |  58.1 |      18 |      11 |  37.9
        D:7 |    1076 |       0 |   0.0 |      22 |       0 |   0.0
        D:8 |    2536 |       0 |   0.0 |      21 |       0 |   0.0
        D:9 |      38 |     398 |  91.3 |       2 |       3 |  60.0
            +---------+---------+-------+---------+---------+-------
